 Dungeon Crawl Stone Soup version 0.27.1 (webtiles) character file.

Game seed: 4576872224098574796

74 Ishikawa the Shield-Bearer (level 4, -1/40 HPs)
             Began as a Minotaur Fighter on Sept 3, 2021.
             Frozen to death by an endoplasm (2 damage)
             ... on level 2 of the Dungeon.
             The game lasted 00:02:03 (1034 turns).

Ishikawa the Shield-Bearer (Minotaur Fighter)       Turns: 1034, Time: 00:02:03

Health: -1/40      AC:  8    Str: 20    XL:     4   Next: 10%
Magic:  12/12      EV:  7    Int:  5    God:
Gold:   76         SH:  9    Dex: 11    Spells: 3/3 levels left

rFire    . . .     SeeInvis .   a - +0 long sword
rCold    . . .     Faith    .   c - +0 kite shield
rNeg     . . .     Spirit   .   b - +0 scale mail
rPois    .         Reflect  .   (helmet restricted)
rElec    .         Harm     .   (no cloak)
rCorr    .         Rampage  .   (no gloves)
Will     .....                  e - +0 pair of boots
Stlth    ..........             (no amulet)
HPRegen  0.13/turn              h - ring of magical power
MPRegen  0.13/turn              (no ring)

@: lethally poisoned (-1 -> -13), flying
A: horns 2, retaliatory headbutt
a: no special abilities


You were on level 2 of the Dungeon.
You visited 1 branch of the dungeon, and saw 2 of its levels.

You collected 76 gold pieces.

Inventory:

Hand Weapons
 a - a +0 long sword (weapon)
Armour
 b - a +0 scale mail (worn)
 c - a +0 kite shield (worn)
 e - a +0 pair of boots (worn)
Jewellery
 h - a ring of magical power (left hand)
Scrolls
 f - a scroll of enchant armour {unknown}
 i - a scroll of identify {unknown}
 k - a scroll of fog {unknown}
Potions
 d - a potion of might
 j - a potion of haste {unknown}


   Skills:
 * Level 4.1 Fighting
 * Level 3.3 Long Blades
 * Level 4.1 Armour
 * Level 1.0 Dodging
 * Level 0.9 Stealth
 * Level 4.1 Shields


You had 3 spell levels left.
You didn't know any spells.
Your spell library was empty.

Dungeon Overview and Level Annotations

Branches:
Dungeon (2/15)

Altars:

Annotations:
D:2 Sigmund


Innate Abilities, Weirdness & Mutations

You have a pair of horns on your head.
You reflexively headbutt those who attack you in melee.


Message History

Deactivating autopickup; reactivate with Ctrl-A.
The goblin hits you but does no damage.
You barely miss the goblin. You block the goblin's attack.
You hit Jessica.
Jessica is lightly wounded.
Jessica points at you and mumbles some strange words.
Pain shoots through your body! The goblin hits you but does no damage.
Jessica closely misses you. You furiously retaliate!
You headbutt Jessica!
You kill Jessica!
Your Dodging skill increases to level 1!
You have reached level 4!
You feel agile.
You barely miss the goblin. Your headbutt misses the goblin.
The goblin completely misses you. You furiously retaliate!
You headbutt the goblin. The endoplasm freezes you.
You are frozen.
You block something's attack. You block the goblin's attack.
The endoplasm hits you but does no damage.
Your shield prevents you from hitting the goblin.
The goblin is moderately wounded.
Something hits you!
* * * LOW HITPOINT WARNING * * *
You are lethally poisoned!
The goblin hits you but does no damage. The endoplasm freezes you.
You are frozen.
* * * LOW HITPOINT WARNING * * *
* * * LOW HITPOINT WARNING * * *
You feel very sick.
It was a potion of flight.
You feel very buoyant.
You fly up into the air.
* * * LOW HITPOINT WARNING * * *
You feel very sick. The goblin barely misses you.
You riposte.
You barely miss the goblin. Your headbutt misses the goblin.
The goblin is moderately wounded.
The endoplasm freezes you.
You are frozen.
You die...

#.# #.# #.#
#.# #. #.# ...
#.# ###..# #.#
###.....## #.#
##.J).....#
#.#
##.@g......#
#.#
###....###...#
#.###....###
..# #.......##
# #......##
##...### #####


You could see an endoplasm and a goblin.

Vanquished Creatures
  Jessica (D:2)
  3 adders (D:2)
  An adder skeleton (D:2)
  3 endoplasms (D:1)
  A giant cockroach (D:1)
  2 goblins (D:2)
  4 hobgoblins
  A quokka (D:2)
  A ball python (D:1)
  2 bats
  A kobold (D:1)
20 creatures vanquished.

Notes
Turn   | Place    | Note
-------+----------+-------------------------------------------
     0 | D:1      | Ishikawa the Minotaur Fighter began the quest for the Orb.
     0 | D:1      | Reached XP level 1. HP: 19/19 MP: 0/0
   484 | D:1      | Reached XP level 2. HP: 23/27 MP: 1/1
   533 | D:1      | Found a faded altar of an unknown god.
   876 | D:2      | Reached XP level 3. HP: 33/33 MP: 2/2
  1026 | D:2      | Noticed Jessica
  1027 | D:2      | Noticed Sigmund
  1030 | D:2      | Killed Jessica
  1031 | D:2      | Reached skill level 1 in Dodging
  1031 | D:2      | Reached XP level 4. HP: 26/40 MP: 3/3
  1034 | D:2      | HP: 1/40 [poisoned by Sigmund]
  1034 | D:2      | Frozen to death by an endoplasm

Illustrated notes

Levels and vault maps discovered:
D:1:      wander_arrival_fairy_ring, layout_basic,
          hellmonk_ecumenical_altar_heavens_door
D:2:      kennysheep_big_flooded_room, layout_rooms, serial_curves,
          eino_curves_02, eino_curves_03, uniq_jessica, uniq_sigmund

Skill      XL: |  1  2  3 |
---------------+----------+-----
Fighting       | 4 |  4.1
Long Blades    | 3 |  3.3
Armour         | 4 |  4.1
Shields        | 4 |  4.1
Dodging        | 1 |  1.0
Stealth        | |  0.9

Action                   |  1- 3 |  4- 6 || total
-------------------------+-------+-------++-------
Melee: Long sword        |    50 |     2 ||    52
       Headbutt          |     5 |       ||     5
  Use: Potion            |       |     1 ||     1
Armor: Scale mail        |    29 |     2 ||    31
Dodge: Dodged            |    14 |     2 ||    16
Block: Kite shield       |    32 |     2 ||    34
       Rpst.: Long sword |     7 |     1 ||     8
